 Dungeon Crawl Stone Soup version 0.28-a0-622-gbaef9634d7 (webtiles) character file.

Game seed: 7811391133735505240

14 ytrimaz the Skirmisher (level 2, 0/27 HPs)
             Began as a Draconian Berserker on Oct 7, 2021.
             Was a Follower of Trog.
             Slain by a gnoll (9 damage)
             ... on level 1 of the Dungeon.
             The game lasted 00:00:57 (872 turns).

ytrimaz the Skirmisher (Draconian Berserker)         Turns: 872, Time: 00:00:58

Health: 0/27       AC:  4    Str: 19    XL:     2   Next: 27%
Magic:  2/2        EV: 12    Int:  7    God:    Trog [*.....]
Gold:   34         SH:  0    Dex: 10    Spells: 1/1 levels left

rFire   . . .      SeeInvis .   d - +2 dagger (venom)
rCold   . . .      Faith    .   (no shield)
rNeg    . . .      Spirit   .   (armour unavailable)
rPois   .          Reflect  .   (helmet restricted)
rElec   .          Harm     .   (no cloak)
rCorr   +          Rampage  .   (no gloves)
Will    .....                   (no boots)
Stlth   +.........              (no amulet)
HPRegen 0.09/turn               c - ring of resist corrosion
MPRegen 0.08/turn               (no ring)

@: no status effects
A: AC +4, unfitting armour, cold-blooded
a: Renounce Religion, Berserk


You were on level 1 of the Dungeon.
You worshipped Trog.
Trog was aware of your devotion.
You visited 1 branch of the dungeon, and saw 1 of its levels.

You collected 34 gold pieces.

Inventory:

Hand Weapons
 a - a +0 hand axe
 d - a +2 dagger of venom (weapon)
Jewellery
 c - a ring of resist corrosion (left hand)


   Skills:
 * Level 3.7 Fighting
 - Level 3.2 Axes
 + Level 2.9 Dodging


You had one spell level left.
You didn't know any spells.
Your spell library was empty.

Dungeon Overview and Level Annotations

Branches:
Dungeon (1/15)

Altars:


Innate Abilities, Weirdness & Mutations

Your plain brown scales are hard. (AC +4)
You cannot fit into any form of body armour.
You are cold-blooded and may be slowed by cold attacks.


Message History

You hit the hobgoblin but do no damage.
The hobgoblin is severely wounded.
The hobgoblin barely misses you.
You slash the hobgoblin!
You kill the hobgoblin!
Trog accepts your kill.
You see here a +0 dagger of venom.
Search for what [? for help]? ven You see here a bat corpse.
You see here a +0 leather armour.
Things that are here:
a +2 dagger of venom; 3 stones
d - a +2 dagger of venom Your +2 dagger of venom begins to drip with poison!
d - a +2 dagger of venom (weapon)
c - a ring of resist corrosion (left hand)
As you read the scroll labelled YMPALOJ FINEI, it crumbles to dust.
It is a scroll of identify.
You don't have any unidentified items.
Key pressed, stopping explore.
A gnoll comes into view. It is wielding a +0 flail.
A gnoll is nearby!
A gnoll is nearby!
A gnoll is nearby!
The gnoll shouts!
You hear a shout!
The gnoll hits you with a +0 flail!
You barely miss the gnoll.
A kobold comes into view. It is wielding a +0 short sword.
The gnoll misses you.
You barely miss the gnoll. The gnoll barely misses you.
You hit the gnoll.
The gnoll is poisoned.
The gnoll is lightly wounded.
The gnoll misses you.
You closely miss the gnoll.
The gnoll is lightly wounded.
The gnoll hits you with a +0 flail!
You closely miss the gnoll.
The gnoll is lightly wounded.
The gnoll hits you with a +0 flail!
You die...

#......#
##...........
###.#..#
#..####.####
##.#..# ##.# #.#
#.....# #.. #.#
#####.....### ##.#
#............. ..
#..........### #.#
#..........#
#.........@#
#.....####g######
##.##...........#
#. #......K....#
#. #...........#
..............#
.................
..................
..................


You could see a gnoll (very poisoned) and a kobold.

Vanquished Creatures
  2 bats (D:1)
  2 endoplasms (D:1)
  2 goblins (D:1)
  A hobgoblin (D:1)
  2 kobolds (D:1)
  A quokka (D:1)
  A rat (D:1)
11 creatures vanquished.

Notes
Turn   | Place    | Note
-------+----------+-------------------------------------------
     0 | D:1      | ytrimaz the Draconian Berserker began the quest for the
                  | Orb.
     0 | D:1      | Reached XP level 1. HP: 19/19 MP: 1/1
   359 | D:1      | Found a faded altar of an unknown god.
   366 | D:1      | Reached XP level 2. HP: 20/26 MP: 2/2
   872 | D:1      | Slain by a gnoll

Illustrated notes

Levels and vault maps discovered:
D:1:      dpeg_arrival_central, layout_basic,
          hellmonk_ecumenical_altar_heavens_door, minmay_misc_feat_enclosed,
          nrook_campfire

Action                   || total
-------------------------++-------
Melee: Hand axe          ||    35
       Dagger            ||     5
       Tailslap          ||     3
  Use: Scroll            ||     1
Armor: Skin              ||    15
Dodge: Dodged            ||    41

Table legend: (Time is in decaauts)
 A = Elapsed time spent in this place.
 B = Non-inter-level travel time spent in this place.
 C = Inter-level travel time spent in this place.
 D = Time resting spent in this place.
 E = Time spent auto-exploring this place.
 F = Levels seen in this place.
 G = Mean time per level.
                   A        B        C        D        E       F      G
               +--------+--------+--------+--------+--------+-----+--------+
         Total |    876 |    822 |     54 |      0 |    705 |   1 |  876.0 |
       Dungeon |    876 |    822 |     54 |      0 |    705 |   1 |  876.0 |
               +--------+--------+--------+--------+--------+-----+--------+

Top non-repeatable levels by time:
     D:1: 876 daAuts
